AoeStats
← Can

MegaRandom

504358712Analyzed
1v1 RM · 27d ago on Sep 5, 2026· 56m 52s· 2 players
Game mode
Random Map
Map size
Tiny (2 player)
Population
200
Speed
Normal
Resources
Standard
Victory
Conquest
Starting age
Dark Age
Ending age
Imperial Age
RankedLock teamsTeams togetherTeam positionsShared explorationLock speedFull tech treeHidden civsTurbo modeCheats
Victory
Defeat
🇲🇽 Maya · Mexico
448
+16
🇲🇽 Maya · Mexico
439
-16
Boomboclap
0:27 Loom
14:12 Feudal Age
15:30 Wheelbarrow
14:44 Double-Bit Axe
14:41 Horse Collar
20:11 Gold Mining
23:09 Town Watch
23:49 Stone Mining
26:33 Castle Age
27:37 Hand Cart
27:15 Crossbowman
33:59 Scale Mail Armor
34:11 Forging
39:36 Ballistics
38:57 Treadmill Crane
40:34 Town Patrol
43:49 Chain Mail Armor
44:10 Iron Casting
43:26 Fletching
43:36 Padded Archer Armor
47:53 Fishing Lines
49:52 Eagle Warrior
49:53 Pikeman
50:33 Squires
50:21 Arson
51:13 Bodkin Arrow
51:33 Leather Archer Armor
53:05 Bow Saw
54:56 Leather Archer Armor
54:53 Masonry
54:54 Fortified Wall
57:22 Imperial Age
Can
3:32 Loom
13:41 Feudal Age
14:14 Horse Collar
14:25 Double-Bit Axe
14:50 Arson
16:01 Fletching
16:22 Forging
18:52 Wheelbarrow
25:26 Castle Age
24:48 Stone Mining
27:24 Eagle Warrior
28:05 Squires
28:43 Iron Casting
29:58 Stone Shaft Mining
29:35 Heavy Plow
29:48 Bow Saw
30:33 Treadmill Crane
31:15 Ballistics
31:05 Thumb Ring
30:21 Crossbowman
31:26 Town Watch
31:56 Hand Cart
31:40 Bodkin Arrow
31:44 Gold Mining
35:28 Town Patrol
35:04 Elite Skirmisher
43:24 Imperial Age
43:40 Hul'che Javelineers
43:55 Padded Archer Armor
43:56 Scale Mail Armor
44:52 Bracer
46:26 Chemistry
46:18 Elite Eagle Warrior
46:23 Arbalester
48:00 Conscription
47:51 Elite Plumed Archer
52:02 Holcans
Connection lost

Rejoining the realm…

Still unreachable

The connection could not be restored.

Session expired

The server has moved on; the page needs a fresh start.